 Dungeon Crawl Stone Soup version 0.21-a0-582-g1b93aee (webtiles) character file.

91322 Amnesiac the Thrower (level 16, -5/111 HPs)
             Began as a Halfling Fighter on Dec 19, 2017.
             Was a High Priest of Okawaru.
             Slain by a white very ugly thing (39 damage)
             ... on level 1 of the Depths.
             The game lasted 00:45:33 (18065 turns).

Amnesiac the Thrower (Halfling Fighter)            Turns: 18065, Time: 00:45:33

Health: -5/111     AC: 24    Str: 22    XL:     16   Next: 50%
Magic:  22/22      EV: 19    Int:  6    God:    Okawaru [*****.]
Gold:   1296       SH: 14    Dex: 21    Spells: 12/15 levels left

rFire    + . .     SeeInvis .   a - +1 blowgun
rCold    . . .     Gourm    .   c - +0 shield
rNeg     . . .     Faith    .   A - +2 chain mail {rF+}
rPois    .         Spirit   .   w - +1 helmet
rElec    .         Reflect  .   b - scarf {repulsion}
rCorr    .         Harm     .   x - +2 pair of gloves {archery}
MR       +....                  T - +2 pair of boots
Stlth    ..........             (no amulet)
HPRegen  0.28/turn              K - +5 ring of dexterity
MPRegen  0.18/turn              R - +5 ring of slaying

@: repel missiles
A: small, mutation resistance 1
a: Heroism, Finesse, Renounce Religion


You were on level 1 of the Depths.
You worshipped Okawaru.
Okawaru was extremely pleased with you.
You were not hungry.

You visited 3 branches of the dungeon, and saw 17 of its levels.
You visited the Abyss 1 time.
You also visited: Sewer and Bailey.

You collected 1774 gold pieces.
You spent 478 gold pieces at shops.

Inventory:

Hand Weapons
 a - a +1 blowgun (weapon)
 G - a +4 falchion of electrocution
Missiles
 e - 414 stones
 h - 19 tomahawks of returning (quivered)
 i - 6 needles of paralysis
 l - 10 needles of sleeping
 m - 16 exploding tomahawks
 p - 69 poisoned needles
 r - 5 curare-tipped needles
 u - 80 sling bullets
 y - 3 poisoned tomahawks
 P - 7 tomahawks
 Y - 4 needles of confusion
 Z - 8 tomahawks of dispersal
Armour
 b - a scarf of repulsion (worn)
 c - a +0 shield (worn)
 w - a +1 helmet (worn)
 x - a +2 pair of gloves of archery (worn)
 A - a +2 chain mail of fire resistance (worn)
 T - a +2 pair of boots (worn)
Jewellery
 F - an uncursed ring of wizardry
 K - a +5 ring of dexterity (left hand)
 N - an uncursed ring of protection from cold
 R - a +5 ring of slaying (right hand)
 W - an uncursed ring of fire
 X - an uncursed ring of resist corrosion
Wands
 k - a wand of digging (7)
 q - a wand of polymorph (6)
Scrolls
 t - 2 scrolls of holy word {!r}
 v - 4 scrolls of magic mapping {!r}
 D - 2 scrolls of enchant armour {!r}
 H - 2 scrolls of fog {!r}
 J - a scroll of identify {!r}
 L - 4 scrolls of teleportation {!r}
 S - 5 scrolls of fear {!r}
 U - 2 scrolls of enchant weapon {!r}
 V - 7 scrolls of remove curse {!r}
Potions
 d - 7 potions of might {!q}
 g - 4 potions of curing {!q}
 j - 6 potions of haste {!q}
 o - 2 potions of invisibility {!q}
 s - 2 potions of brilliance {!q}
 z - a potion of cancellation {!q}
 B - 8 potions of agility {!q}
 I - a potion of flight {!q}
 M - a potion of magic {!q}
 O - 7 potions of heal wounds {!q}
Comestibles
 f - 30 rations
 n - 19 chunks of flesh


   Skills:
 * Level 10.6 Fighting
   Level 5.0 Short Blades
 + Level 12.2 Throwing
 * Level 12.1 Armour
 * Level 12.1 Dodging
 * Level 12.1 Shields
 + Level 8.2 Invocations
 - Level 6.0 Evocations


You had 12 spell levels left.
You knew the following spells:

 Your Spells              Type           Power        Failure   Level  Hunger
r - Regeneration          Chrm/Necr      #.........   100%        3    ####...


Dungeon Overview and Level Annotations

Branches:
Dungeon (15/15)            Temple (1/1) D:4            Lair (0/6) D:10
    Orc (0/2) D:9          Vaults (0/5) D:13         Depths (1/5) D:15

Altars:
Ashenzari
Cheibriados
Dithmenos
Elyvilon
Fedhas
Gozag
Hepliaklqana
Kikubaaqudgha
Makhleb
Nemelex Xobeh
Okawaru
Qazlal
Ru
Sif Muna
Trog
Uskayaw
Vehumet
Wu Jian
Xom
Yredelemnul
Zin
The Shining One

Shops:
D:5 *([?


Innate Abilities, Weirdness & Mutations

You are small and have problems with some larger weapons.
You are somewhat resistant to further mutation.


Message History

You throw a tomahawk of returning.
The tomahawk of returning closely misses the green very ugly thing.
The tomahawk of returning hits the white ugly thing.
The white ugly thing is heavily wounded.
The tomahawk of returning returns to your pack!
The green very ugly thing completely misses you.
Throwing (i - inventory. (,) - cycle):
h - 19 tomahawks of returning (quivered)
Press: ? - help, Shift-Dir - straight line, f/p - white ugly thing
Aim: a white ugly thing (heavily wounded)
You throw a tomahawk of returning.
The tomahawk of returning closely misses the green very ugly thing.
The tomahawk of returning barely misses the white ugly thing.
The tomahawk of returning returns to your pack!
Throwing (i - inventory. (,) - cycle):
h - 19 tomahawks of returning (quivered)
Press: ? - help, Shift-Dir - straight line, f/p - white ugly thing
Aim: a white ugly thing (heavily wounded)
You throw a tomahawk of returning.
The tomahawk of returning hits the green very ugly thing!!!
The green very ugly thing is moderately wounded.
The tomahawk of returning returns to your pack!
Throwing (i - inventory. (,) - cycle):
h - 19 tomahawks of returning (quivered)
Press: ? - help, Shift-Dir - straight line, f/p - white ugly thing
Aim: a white ugly thing (heavily wounded)
You throw a tomahawk of returning.
The tomahawk of returning barely misses the white very ugly thing.
The tomahawk of returning hits the white ugly thing!
The white ugly thing is heavily wounded.
The tomahawk of returning returns to your pack!
Throwing (i - inventory. (,) - cycle):
h - 19 tomahawks of returning (quivered)
Press: ? - help, Shift-Dir - straight line, f/p - cyan ugly thing
Aim: a cyan ugly thing (heavily wounded)
You throw a tomahawk of returning.
The tomahawk of returning closely misses the white very ugly thing.
The tomahawk of returning hits the cyan ugly thing!!
The cyan ugly thing is almost dead.
The tomahawk of returning returns to your pack!
Throwing (i - inventory. (,) - cycle):
h - 19 tomahawks of returning (quivered)
Press: ? - help, Shift-Dir - straight line, f/p - cyan ugly thing
Aim: a cyan ugly thing (almost dead)
You throw a tomahawk of returning.
The tomahawk of returning hits the white very ugly thing!!
The white very ugly thing is heavily wounded.
The tomahawk of returning returns to your pack!
The white very ugly thing pecks you!!
The white very ugly thing freezes you!!!
* * * LOW HITPOINT WARNING * * *
Throwing (i - inventory. (,) - cycle):
h - 19 tomahawks of returning (quivered)
Press: ? - help, Shift-Dir - straight line, f/p - cyan ugly thing
Aim: a cyan ugly thing (almost dead)
You throw a tomahawk of returning.
The tomahawk of returning hits the white very ugly thing.
The white very ugly thing is heavily wounded.
The tomahawk of returning returns to your pack!
Throwing (i - inventory. (,) - cycle):
h - 19 tomahawks of returning (quivered)
Press: ? - help, Shift-Dir - straight line, f/p - white ugly thing
Aim: a white ugly thing (almost dead)
You throw a tomahawk of returning.
The tomahawk of returning hits the white very ugly thing!!
The white very ugly thing is severely wounded.
The tomahawk of returning returns to your pack!
The white very ugly thing pecks you!
* * * LOW HITPOINT WARNING * * *
The white very ugly thing freezes you!!!
You die...

# #.........#
#.##....(....#
#............+
####.........##
##).........
##..######...
##u..# .......
##u#..# .......
#@##.)##.......
#.###.[.........
#.# #..#........
#.# #.(#.[.§≈≈..
## #..#.≈≈§≈§.§
##.#.≈≈≈≈§§§
#.#..$≈§§..
..#....§§..
###........


You could see a white very ugly thing and a white ugly thing.

Vanquished Creatures
  A tentacled starspawn (Abyss:2)
  A fire giant (D:15)
  An orc warlord (Bailey)
  A very ugly thing (Depths:1)
  A green draconian (Abyss:2)
  Azrael (D:12)
  The ghost of Thaneod the Destroyer, a journeyman DEWz of Vehumet (D:14)
  An ettin (Depths:1)
  A great orb of eyes (D:15)
  Josephine (D:11)
  An ice dragon (D:13)
  3 centaur warriors
  5 two-headed ogres
  A deep troll shaman (Depths:1)
  2 tengu warriors
  2 thrashing horrors (Abyss:2)
  A deep troll earth mage (Depths:1)
  A sixfirhy (Abyss:2)
  A spatial maelstrom (Abyss:2)
  3 unseen horrors
  A glowing orange brain (Depths:1)
  2 deep trolls (Depths:1)
  Pikel (D:5)
  An orb spider (Abyss:2)
  A wolf spider zombie (D:15)
  A necromancer (D:13)
  8 ugly things
  2 deep elf magi (D:13)
  A salamander (Depths:1)
  2 manticores
  5 cyclopes
  A moth of wrath (shapeshifter) (Abyss:2)
  Maurice (D:13)
  The ghost of Gaball the Basher, a novice GrFi of Gozag (D:6)
  A centaur zombie (D:13)
  A smoke demon (Abyss:2)
  2 gargoyles
  3 centaur skeletons (D:15)
  A kobold demonologist (D:11)
  An efreet (D:13)
  A yaktaur (Depths:1)
  2 komodo dragons
  An ancient zyme (Abyss:2)
  A tengu conjurer (D:13)
  An ice devil (Abyss:2)
  A silent spectre (Abyss:2)
  11 trolls
  The ghost of 2tc the Cleaver, an amateur HOFi (D:4)
  Prince Ribbit (D:5)
  A raiju (Abyss:2)
  A hippogriff (D:10)
  A spriggan (shapeshifter) (D:15)
  A ynoxinul (Abyss:2)
  2 vampires
  3 shadows
  4 wraiths
  Eustachio (D:5)
  4 hogs (D:10)
  A human (D:10)
  Grum (D:8)
  2 basilisks
  4 fire elementals (D:12)
  17 yaks
  4 vampire mosquitoes (D:14)
  3 hungry ghosts
  5 spatial vortices (Abyss:2)
  The ghost of Amnesiac the Shield-Bearer, an amateur HaFi (D:3)
  2 hell hounds
  Duvessa (D:3)
  3 sky beasts
  11 orc warriors
  A slave (D:5)
  A phantom (D:5)
  2 necrophages
  4 black bears
  3 ice beasts
  An eye of draining (D:15)
  3 wolves (D:8)
  9 centaurs
  6 ogres
  2 crocodiles (D:10)
  8 big kobolds
  10 bullfrogs
  An earth elemental (Abyss:2)
  6 scorpions
  A wyvern skeleton (D:13)
  Dowan (D:3)
  7 killer bees
  13 wights
  3 howler monkeys
  5 crimson imps
  17 starcursed masses (Abyss:2)
  4 bullfrog zombies
  7 hounds
  A quasit (D:12)
  4 small abominations (Abyss:2)
  3 jellies
  11 orc wizards
  11 orc priests
  A bullfrog skeleton (D:5)
  An iron imp (Abyss:2)
  Jessica (D:3)
  Ijyb (D:4)
  Natasha (D:3)
  9 worker ants
  A howler monkey zombie (D:6)
  A worker ant zombie (D:6)
  Robin (D:2)
  5 gnolls
  15 adders
  4 river rats (Sewer)
  6 shadow imps
  An ufetubus (Abyss:2)
  An ooze (D:2)
  3 adder skeletons
  2 worms (D:4)
  3 dart slugs
  A leopard gecko (D:9)
  38 orcs
  5 ball pythons (Sewer)
  6 bats
  9 giant cockroaches
  17 goblins
  12 hobgoblins
  17 jackals
  3 quokkas
  9 frilled lizards
  2 goblin skeletons (D:5)
  2 goblin zombies (D:5)
  2 hobgoblin zombies (D:5)
  89 kobolds
  A kobold skeleton (D:5)
  2 kobold zombies (D:5)
  A leopard gecko zombie (D:8)
  An orc skeleton (D:5)
  2 quokka skeletons
  36 rats
  A starspawn tentacle (Abyss:2)
618 creatures vanquished.

Vanquished Creatures (others)
  An eye of draining (D:13)
  A wyvern skeleton (D:12)
  2 starspawn tentacles (Abyss:2)
4 creatures vanquished.

Grand Total: 622 creatures vanquished

Notes
Turn   | Place    | Note
-------+----------+-------------------------------------------
     0 | D:1      | Amnesiac the Halfling Fighter began the quest for the Orb.
     0 | D:1      | Reached XP level 1. HP: 15/15 MP: 1/1
   145 | D:1      | Reached skill level 1 in Dodging
   206 | D:1      | Reached XP level 2. HP: 20/20 MP: 2/2
   807 | D:2      | Reached XP level 3. HP: 23/25 MP: 3/3
  1070 | D:2      | Noticed a bullfrog
  1083 | D:2      | Killed a bullfrog
  1083 | D:2      | Reached XP level 4. HP: 23/30 MP: 4/4
  1101 | D:2      | Reached XP level 5. HP: 24/35 MP: 5/5
  1230 | D:2      | Noticed Robin
  1249 | D:2      | Killed Robin
  1393 | D:2      | Found an opulent altar of Gozag.
  1402 | D:2      | Found a basalt altar of Yredelemnul.
  1404 | D:2      | Found a shattered altar of Ashenzari.
  1404 | D:2      | Found a shimmering altar of Xom.
  1405 | D:2      | Found a shadowy altar of Dithmenos.
  1406 | D:2      | Found a snail-covered altar of Cheibriados.
  2011 | D:3      | Noticed Natasha
  2017 | D:3      | Killed Natasha
  2111 | D:3      | Reached XP level 6. HP: 38/41 MP: 6/6
  3076 | D:4      | Noticed 2tc's ghost (amateur HOFi)
  3092 | D:4      | Killed 2tc's ghost
  3092 | D:4      | Reached XP level 7. HP: 26/47 MP: 7/7
  3140 | D:4      | Noticed a moth of wrath
  3143 | D:4      | Found a bloodstained altar of Trog.
  3392 | D:4      | Found a staircase to the Ecumenical Temple.
  3449 | Temple   | Entered the Ecumenical Temple
  3519 | Temple   | Became a worshipper of Warmaster Okawaru
  3628 | D:3      | Noticed Jessica
  3654 | D:3      | Killed Jessica
  3654 | D:3      | Reached skill level 1 in Throwing
  3845 | D:3      | Reached skill level 5 in Short Blades
  3900 | D:3      | Noticed Amnesiac's ghost (amateur HaFi)
  3952 | D:3      | Killed Amnesiac's ghost
  3952 | D:3      | Reached XP level 8. HP: 41/54 MP: 8/8
  3999 | D:3      | Reached * piety under Okawaru
  4050 | D:3      | Reached skill level 5 in Throwing
  4185 | D:4      | Noticed Duvessa
  4185 | D:4      | Noticed Dowan
  4200 | D:3      | Killed Dowan
  4236 | D:3      | Killed Duvessa
  4349 | D:4      | Noticed Ijyb
  4374 | D:4      | Killed Ijyb
  4596 | D:4      | Found a burning altar of Makhleb.
  4943 | D:5      | Entered Level 5 of the Dungeon
  5022 | D:5      | Found a glowing golden altar of the Shining One.
  5195 | D:5      | Found Utyo's Antique Armour Shop.
  5219 | D:5      | Bought a pair of runed boots for 210 gold pieces
  5286 | D:5      | Reached XP level 9. HP: 51/58 MP: 9/9
  5287 | D:5      | Noticed Eustachio
  5333 | D:5      | Killed Eustachio
  5473 | D:5      | Reached ** piety under Okawaru
  5565 | D:5      | Found Enylliaf's Assorted Antiques.
  5565 | D:5      | Found Iqoagy's Antique Weapon Emporium.
  5566 | D:5      | Noticed Pikel
  5596 | D:5      | Killed Pikel
  5859 | D:5      | Noticed Prince Ribbit
  5875 | D:5      | Killed Prince Ribbit
  5875 | D:5      | Reached *** piety under Okawaru
  5909 | D:5      | Found Edezun's Magic Scroll Boutique.
  5925 | D:5      | Reached skill level 10 in Throwing
  6022 | D:5      | Bought a scroll of teleportation for 42 gold pieces
  6226 | D:5      | Found a stormy altar of Qazlal.
  6317 | D:5      | Bought a dark potion for 30 gold pieces
  6317 | D:5      | Bought a lumpy grey potion for 30 gold pieces
  6317 | D:5      | Bought a fizzy yellow potion for 30 gold pieces
  6344 | D:6      | Noticed Gaball's ghost (novice GrFi)
  6450 | D:6      | Reached XP level 10. HP: 63/63 MP: 10/10
  6458 | D:6      | Got an encrusted hunting sling
  6483 | D:6      | Identified the +2 hunting sling of Magnificence {flame, Fragile Int+6 SInv Stlth+} (You found it on level 6 of the Dungeon)
  6494 | D:6      | Reached skill level 1 in Invocations
  6563 | D:6      | Killed Gaball's ghost
  6563 | D:6      | Reached **** piety under Okawaru
  6563 | D:6      | Reached skill level 5 in Armour
  6563 | D:6      | Reached skill level 5 in Dodging
  6563 | D:6      | Reached skill level 5 in Shields
  6563 | D:6      | Reached skill level 1 in Evocations
  6896 | D:6      | Found a glowing silver altar of Zin.
  6912 | D:6      | Found a glowing drain.
  6941 | Sewer    | Entered a sewer
  7824 | D:5      | Bought 2 fizzy yellow potions for 61 gold pieces
  7835 | D:5      | Bought a blowgun for 75 gold pieces
  8944 | D:8      | Noticed Grum
  8953 | D:8      | Killed Grum
  9514 | D:9      | Received a gift from Okawaru
  9517 | D:9      | Reached ***** piety under Okawaru
  9571 | D:9      | Reached skill level 5 in Fighting
  9628 | D:9      | Received a gift from Okawaru
  9633 | D:9      | Reached XP level 11. HP: 61/72 MP: 11/13
  9778 | D:9      | Found a staircase to the Orcish Mines.
  9986 | D:9      | Noticed a tengu warrior
  9995 | D:9      | Noticed a tengu warrior
 10039 | D:8      | Killed a tengu warrior
 10138 | D:9      | Killed a tengu warrior
 10138 | D:9      | Received a gift from Okawaru
 10409 | D:10     | Entered Level 10 of the Dungeon
 10423 | D:10     | Received a gift from Okawaru
 10466 | D:10     | Found a staircase to the Lair.
 10498 | D:10     | Learned a level 3 spell: Regeneration
 10561 | D:10     | Noticed a two-headed ogre
 10694 | D:11     | Noticed a cyclops
 10706 | D:11     | Killed a cyclops
 10755 | D:10     | Killed a two-headed ogre
 10755 | D:10     | Reached ****** piety under Okawaru
 10755 | D:10     | Received a gift from Okawaru
 10795 | D:10     | Noticed a two-headed ogre
 10801 | D:10     | Killed a two-headed ogre
 10801 | D:10     | Received a gift from Okawaru
 10852 | D:10     | Got a dazzling scale mail
 10922 | D:10     | Reached XP level 12. HP: 77/80 MP: 15/15
 10933 | D:10     | Identified the cursed +1 scale mail of Cocytus {rPois rF+ MR+++ Int-5} (You found it on level 10 of the Dungeon)
 11607 | D:11     | Noticed Josephine
 11615 | D:11     | Killed Josephine
 12203 | D:12     | Noticed Azrael
 12345 | D:12     | Noticed an unseen horror
 12382 | D:12     | Killed an unseen horror
 12484 | D:12     | Received a gift from Okawaru
 12484 | D:12     | Reached skill level 5 in Invocations
 12495 | D:12     | Got an ivory short sword {god gift}
 12704 | D:12     | Found a flagged portal.
 12775 | Bailey   | Entered a bailey
 12898 | Bailey   | Noticed an orc warlord
 12962 | Bailey   | Reached XP level 13. HP: 83/86 MP: 15/17
 12975 | Bailey   | Found a runed gate.
 12975 | Bailey   | Found a runed gate.
 13004 | Bailey   | Found a runed gate.
 13785 | Bailey   | Killed an orc warlord
 13785 | Bailey   | Received a gift from Okawaru
 13785 | Bailey   | Reached skill level 5 in Evocations
 13851 | Bailey   | Reached XP level 14. HP: 95/95 MP: 18/18
 13852 | Bailey   | Reached skill level 10 in Armour
 13852 | Bailey   | Reached skill level 10 in Dodging
 13852 | Bailey   | Reached skill level 10 in Shields
 13852 | Bailey   | Reached XP level 15. HP: 100/100 MP: 19/19
 13853 | Bailey   | Identified the +8 short sword of Ygraparo {drain, Fragile rF+ rN+ Dex+3} (Okawaru gifted it to you on level 12 of the Dungeon)
 14013 | D:12     | Killed Azrael
 14277 | D:13     | Received a gift from Okawaru
 14447 | D:13     | Found a shimmering altar of Xom.
 14448 | D:13     | Found a shimmering altar of Xom.
 14660 | D:13     | Noticed Maurice
 14667 | D:13     | Killed Maurice
 14983 | D:13     | Found a gate to the Vaults.
 15084 | D:14     | Noticed Thaneod's ghost (journeyman DEWz)
 15554 | D:14     | Killed Thaneod's ghost
 16233 | D:15     | Entered Level 15 of the Dungeon
 16387 | D:15     | Noticed Louise
 16408 | D:15     | Cast into level 2 of the Abyss (Louise)
 16440 | Abyss:2  | Noticed a tentacled starspawn
 16448 | Abyss:2  | Killed a tentacled starspawn
 16448 | Abyss:2  | Received a gift from Okawaru
 16552 | Abyss:2  | HP: 4/103 [starcursed mass/accursed screaming (13)]
 16552 | Abyss:2  | Paralysed by accursed screaming for 1 turns
 16624 | Abyss:2  | Reached skill level 10 in Fighting
 16716 | Abyss:2  | Reached XP level 16. HP: 72/109 MP: 21/21
 16751 | Abyss:2  | Paralysed by accursed screaming for 1 turns
 16839 | D:15     | Escaped the Abyss
 17401 | D:15     | Found a staircase to the Depths.
 17402 | D:15     | Noticed a fire giant
 17427 | D:15     | Killed a fire giant
 17704 | D:15     | Noticed Louise
 17704 | D:15     | Louise changed into Louise the great orb of eyes
 17708 | D:15     | Paralysed by Louise for 3 turns
 17714 | D:15     | Killed Louise the great orb of eyes
 17714 | D:15     | Received a gift from Okawaru
 17717 | D:15     | Got a pair of fine gloves {god gift}
 17728 | D:15     | Identified the +1 pair of gloves "Comnyruj" {rN+} (Okawaru gifted it to you on level 15 of the Dungeon)
 17791 | D:15     | Found a staircase to the Depths.
 17978 | Depths:1 | Entered Level 1 of the Depths
 18065 | Depths:1 | Slain by a white very ugly thing

Vault maps used:
D:1:      saegor_arrival_simple_f
D:2:      minitemple, st_stairs_1, minmay_misc_feat_five, uniq_robin
D:3:      minmay_goblin_kobold_castle, first_ration, grunt_ministairs_1,
          uniq_natasha, uniq_jessica
D:4:      makhleb_heckhound_becter, minmay_temple_entry_mist, tgw_trog,
          uniq_duvessa, uniq_ijyb
D:5:      basic_altar, serial_shops, nicolae_shop_waterfront, shop, shop,
          nicolae_shop_waterfront, wad_floor_pattern_2,
          nicolae_tso_besieged_by_evil, uniq_pikel, uniq_prince_ribbit1,
          uniq_eustachio
D:6:      zin_statuary, portal_sewer_entry_b, grunt_decor_resistance,
          kennysheep_dice
D:8:      uniq_grum
D:9:      david_orc_1_choice
D:10:     david_lair_generic, grunt_livestock
D:11:     minivault_16, lightli_minifort, uniq_josephine
D:12:     enter_bailey_3, glass_columns_a, minmay_misc_feat_tiny, uniq_azrael
D:13:     david_vaults_4, xom_redecorated, uniq_maurice
D:14:     minmay_goldmine, minmay_misc_feat_pillars, kennysheep_generic_room_6
D:15:     grunt_enter_depths_giant_problem, nicolae_wwwww,
          hangedman_abyss_or_decor_stagger, uniq_louise
Temple:   jpeg_temple_clearing
Depths:1: infiniplex_enter_wizlab_water, hangedman_abyss_or_decor_passed,
          pf_hell_entry_tar_river, marbit_kobold_abyss_entry, kennysheep_potato
Sewer:    sewer_minmay_treatment
Bailey:   bailey_axe_bossmonster_kennysheep, bailey

Skill      XL: |  1  2  3  4  5  6  7  8  9 10 11 12 13 14 15 16 |
---------------+-------------------------------------------------+-----
Dodging        | 1 2 4 6 7 8 9 10 11 12 | 12.1
Short Blades   | 4 5 |  5.0
Fighting       | 3 4 5 6 7 8 10 | 10.6
Armour         | 4 6 7 8 9 10 11 12 | 12.1
Shields        | 4 6 7 8 9 10 11 12 | 12.1
Throwing       | 3 7 10 11 12 | 12.2
Invocations    | 2 4 5 6 7 8 |  8.2
Evocations     | 2 3 4 5 6 |  6.0

Action                   |  1- 3 |  4- 6 |  7- 9 | 10-12 | 13-15 | 16-18 || total
-------------------------+-------+-------+-------+-------+-------+-------++-------
Melee: Rapier            |    64 |    26 |       |       |       |       ||    90
       Dagger            |       |   110 |   368 |    10 |     3 |       ||   491
       Unarmed           |       |       |    20 |       |       |       ||    20
       Short sword       |       |       |       |       |    21 |       ||    21
 Fire: Hunting sling     |       |       |       |   939 |       |       ||   939
       Blowgun           |       |       |       |       |    44 |     4 ||    48
Throw: Stone             |    67 |   125 |   221 |       |       |       ||   413
       Tomahawk          |       |       |       |    15 |   512 |   227 ||   754
Invok: Heroism           |       |       |       |       |     3 |     4 ||     7
       Finesse           |       |       |       |       |     3 |     4 ||     7
Evoke: Wand              |       |       |       |     1 |     5 |     1 ||     7
  Use: Potion            |       |     1 |     3 |     3 |    10 |     2 ||    19
       Scroll            |       |     1 |     7 |    16 |     5 |     3 ||    32
  Eat: Chunk             |     1 |     6 |    10 |    20 |    11 |       ||    48
       Ration            |       |       |       |       |       |     1 ||     1
Armor: Scale mail        |    14 |    41 |    39 |    30 |     3 |       ||   127
       Skin              |       |       |    11 |     7 |       |       ||    18
       Ring mail         |       |       |    47 |    16 |       |       ||    63
       Plate armour      |       |       |       |    57 |       |       ||    57
       Chain mail        |       |       |       |       |    63 |    48 ||   111
Dodge: Dodged            |    28 |    76 |   206 |   198 |   143 |    60 ||   711
       Deflected         |       |       |       |       |       |     6 ||     6
Block: Shield            |     9 |       |       |    59 |   158 |    63 ||   289
       Buckler           |    11 |    22 |   102 |    81 |       |       ||   216

Table legend:
 A = Spawn XP
 B = Non-spawn XP
 C = Spawn XP percentage of total XP
 D = Spawn monster count
 E = Non-spawn monster count
 F = Spawn count percentage of total count
 G = Total turns spent on level
                    A         B        C        D         E        F      G
               +---------+---------+-------+---------+---------+-------+---------
         Total |    9639 |   73159 |  11.6 |      17 |     594 |   2.8 | 18065
               +---------+---------+-------+---------+---------+-------+---------
           D:1 |       0 |      20 |   0.0 |       0 |      12 |   0.0 |   671
           D:2 |       0 |     161 |   0.0 |       0 |      26 |   0.0 |  1116
           D:3 |       0 |    1229 |   0.0 |       0 |      91 |   0.0 |  1970
           D:4 |       0 |     435 |   0.0 |       0 |      13 |   0.0 |  1095
           D:5 |       0 |    2058 |   0.0 |       0 |      43 |   0.0 |  1537
           D:6 |       0 |    1157 |   0.0 |       0 |      30 |   0.0 |   771
           D:7 |       0 |     379 |   0.0 |       0 |       8 |   0.0 |   762
           D:8 |       0 |    1636 |   0.0 |       0 |      16 |   0.0 |   895
           D:9 |       0 |    3670 |   0.0 |       0 |      36 |   0.0 |   885
          D:10 |       0 |    4787 |   0.0 |       0 |      28 |   0.0 |   877
          D:11 |       0 |    4391 |   0.0 |       0 |      28 |   0.0 |   914
          D:12 |       0 |    8836 |   0.0 |       0 |      52 |   0.0 |   972
          D:13 |       0 |   12613 |   0.0 |       0 |      43 |   0.0 |  1137
          D:14 |       0 |    5402 |   0.0 |       0 |      29 |   0.0 |  1211
          D:15 |       0 |   12851 |   0.0 |       0 |      33 |   0.0 |   925
      Depths:1 |       0 |    7360 |   0.0 |       0 |       9 |   0.0 |    87
       Abyss:2 |    9639 |    3666 |  72.4 |      17 |      22 |  43.6 |   431
         Sewer |       0 |     132 |   0.0 |       0 |      48 |   0.0 |   616
        Bailey |       0 |    2376 |   0.0 |       0 |      27 |   0.0 |  1102
               +---------+---------+-------+---------+---------+-------+---------
